 Dungeon Crawl Stone Soup version 0.20.0-3-g22ec75f (webtiles) character file.

91 Rim the Gusty (level 4, 15/27 HPs)
             Began as an Octopode Air Elementalist on May 27, 2017.
             Quit the game on level 3 of the Dungeon.
             The game lasted 00:12:44 (3819 turns).

Rim the Gusty (Octopode Air Elementalist)           Turns: 3819, Time: 00:12:44

Health: 15/27      AC:  1    Str:  7    XL:     4   Next: 57%
Magic:  8/8        EV: 13    Int: 17    God:
Gold:   146        SH:  0    Dex: 13    Spells: 5/8 levels left

rFire    . . .     SeeInvis .   c - +0 short sword
rCold    . . .     Gourm    .   (no shield)
rNeg     . . .     Faith    .   (helmet restricted)
rPois    .         Spirit   .   (no amulet)
rElec    .         Reflect  .   (no ring)
rCorr    .         Harm     .   (no ring)
MR       .....                  (no ring)
Stlth    +++.......             (no ring)
Regen    0.1/turn               (no ring)
MPRegen  0.2/turn               (no ring)
                                (no ring)
                                (no ring)

@: lethally poisoned (15 -> -3)
A: almost no armour, stealthy swim, amphibious, 8 rings, constrict 8, camouflage
1, gelatinous body 1
a: no special abilities


You were on level 3 of the Dungeon.
You were very hungry.

You visited 1 branch of the dungeon, and saw 3 of its levels.

You collected 146 gold pieces.

Inventory:

Hand Weapons
 c - a +0 short sword (weapon)
 k - a +0 dagger
Missiles
 n - 2 curare-tipped needles
 r - 17 sling bullets
Armour
 g - a +0 shield
Scrolls
 d - a scroll of enchant weapon {unknown}
 e - 3 scrolls of identify {unknown}
 f - 2 scrolls of immolation {unknown}
 h - 2 scrolls of teleportation {unknown}
 o - a scroll of recharging {unknown}
 q - a scroll of fog {unknown}
Potions
 j - a potion of curing
 l - a potion of lignification {unknown}
 m - a potion of cancellation {unknown}
 p - 2 potions of mutation {unknown}
Books
 a - a book of Air

   Spells                             Type                      Level
   a - Shock                          Conjuration/Air              1
   b - Swiftness                      Charms/Air                   2
   c - Static Discharge               Conjuration/Air              3
   d - Airstrike                      Air                          4
   e - Lightning Bolt                 Conjuration/Air              5
Comestibles
 b - 2 bread rations
 i - a royal jelly


   Skills:
 - Level 2.0 Dodging
 - Level 3.0 Stealth
 - Level 2.1 Shields
 + Level 2.7 Spellcasting
 + Level 1.7 Conjurations
 + Level 3.5 Air Magic


You had 5 spell levels left.
You knew the following spells:

 Your Spells              Type           Power        Failure   Level  Hunger
a - Shock                 Conj/Air       ##..         6%          1    #......
b - Swiftness             Chrm/Air       #.......     13%         2    ##.....


Dungeon Overview and Level Annotations

Branches:
Dungeon (3/15)

Altars:
Yredelemnul


Innate Abilities, Weirdness & Mutations

You cannot wear most types of armour.
You are very stealthy in the water. (Stealth+)
You are amphibious.
You can wear up to eight rings at the same time.
You can use your tentacles to constrict eight enemies at once.
Your skin changes colour to match your surroundings (Stealth+).
Your rubbery body absorbs attacks. (AC +1, EV +1)


Message History

Your magical contamination has completely faded away.
k - a dagger Wield which item (- for none, * to show all)? (? for menu, Esc to quit)
k - a +0 dagger (weapon)
Wield which item (- for none, * to show all)? (? for menu, Esc to quit)
c - a +0 short sword (weapon)
You start resting.
Magic restored.
Things that are here:
a ring mail; an orc skeleton There isn't anything to butcher here.
There is a stone staircase leading down, spattered with blood here.
You climb downwards.
The scorpion stings you.
You are poisoned.
The scorpion poisons you! The scorpion stings you!
The kobold shoots a poisoned needle.
The poisoned needle hits you!
You are lethally poisoned!
There is a stone staircase leading up here.
You see here 4 poisoned needles.
Are you sure you want to abandon this character and quit the game? (Confirm with "yes".)

########### ###### ########
..........#####....# #..)...####
..........##.......####..........
..........##.....s...............
................@................
........(...............#^.......
........#...............#..P.P...
........#...............#..._....
.........K..............##)P.P.<.
#........##.............##.......
#.s......##...###........#.......
((K#.....##.).# ................
...#.....####.# ................


You could see a scorpion and a kobold.

Vanquished Creatures
  2 adders
  3 worms
  A dart slug (D:3)
  A leopard gecko (D:1)
  6 orcs
  A ball python (D:2)
  8 goblins
  6 hobgoblins
  2 quokkas (D:2)
  7 bats
  2 frilled lizards (D:1)
  7 kobolds
  8 rats
54 creatures vanquished.

Notes
Turn   | Place    | Note
-------+----------+-------------------------------------------
     0 | D:1      | Rim the Octopode Air Elementalist began the quest for the Orb.
     0 | D:1      | Reached XP level 1. HP: 11/11 MP: 3/3
   720 | D:1      | Reached skill level 1 in Shields
   780 | D:1      | Reached XP level 2. HP: 17/17 MP: 5/5
  1708 | D:2      | Reached XP level 3. HP: 21/21 MP: 6/6
  1731 | D:2      | Learned a level 2 spell: Swiftness
  2952 | D:3      | Found a basalt altar of Yredelemnul.
  2955 | D:3      | Reached XP level 4. HP: 27/27 MP: 3/7
  3819 | D:3      | Quit the game

Skill      XL: |  1  2  3 |
---------------+----------+-----
Shields        | 1 2 |  2.1
Stealth        | 3 |  3.0
Dodging        | |  2.0
Spellcasting   | |  2.7
Conjurations   | |  1.7
Air Magic      | |  3.5

Action                   |  1- 3 |  4- 6 || total
-------------------------+-------+-------++-------
Melee: Short sword       |    82 |    20 ||   102
       Constrict         |    19 |     5 ||    24
       Unarmed           |     2 |       ||     2
       Tentacles         |    11 |     3 ||    14
 Cast: Shock             |    30 |    29 ||    59
       Swiftness         |     1 |       ||     1
  Use: Potion            |     1 |       ||     1
 Stab: Sleeping          |    11 |     3 ||    14
  Eat: Chunk             |     7 |     1 ||     8
Armor: Skin              |     7 |     1 ||     8
Dodge: Dodged            |    42 |    20 ||    62
Block: Shield            |    11 |       ||    11
